 Dungeon Crawl Stone Soup version 0.22-a0-815-gb582571 (webtiles) character file.

254 zishaf the Ruffian (level 6, -8/32 HPs)
             Began as a Vine Stalker Transmuter on July 23, 2018.
             Mangled by a mummy (11 damage)
             ... in an ossuary.
             The game lasted 00:08:56 (4180 turns).

zishaf the Ruffian (Vine Stalker Transmuter)        Turns: 4180, Time: 00:08:57

Health: -8/32      AC:  7    Str: 15    XL:     6   Next: 14%
Magic:  0/10       EV: 10    Int: 13    God:
Gold:   161        SH:  0    Dex: 10    Spells: 1/9 levels left

rFire    . . .     SeeInvis .     - Unarmed
rCold    . . .     Gourm    .   (no shield)
rNeg     . . .     Faith    .   g - +0 scale mail
rPois    .         Spirit   +   (no helmet)
rElec    .         Reflect  .   (no cloak)
rCorr    .         Harm     .   o - +0 pair of gloves
MR       .....                  (no boots)
Stlth    ..........             (no amulet)
HPRegen  0.50/turn              c - -4 ring of dexterity (curse)
MPRegen  0.12/turn              (no ring)

@: no status effects
A: fangs 2, regeneration 1, magic shield, antimagic bite, no potion heal 3, rot
immunity
a: no special abilities


You were in an ossuary.
You were hungry.

You visited 1 branch of the dungeon, and saw 4 of its levels.
You also visited: Ossuary.

You collected 161 gold pieces.

Inventory:

Missiles
 a - 115 arrows
 f - 77 stones (quivered)
 m - 19 poisoned needles
Armour
 b - a +0 robe
 g - a +0 scale mail (worn)
 o - a +0 pair of gloves (worn)
Jewellery
 c - a cursed -4 ring of dexterity (left hand)
Scrolls
 i - a scroll of teleportation {unknown}
 j - a scroll of immolation {unknown}
 k - a scroll of random uselessness {unknown}
 l - 3 scrolls of identify {unknown}
 t - a scroll of enchant armour {unknown}
Potions
 e - 2 potions of resistance {unknown}
 h - a potion of curing {unknown}
 n - a potion of lignification {unknown}
 p - 2 potions of brilliance {unknown}
 r - a potion of mutation {unknown}
 s - a potion of agility {unknown}
 u - a potion of degeneration {unknown}
Comestibles
 d - 8 rations


   Skills:
 + Level 2.5 Fighting
 - Level 2.1 Throwing
 * Level 2.9 Dodging
 + Level 4.1 Unarmed Combat
 - Level 2.1 Spellcasting
 * Level 2.6 Transmutations


You had one spell level left.
You knew the following spells:

 Your Spells              Type           Power        Failure   Level  Hunger
a - Beastly Appendage     Tmut           #.....       36%         1    ##.....
b - Sticks to Snakes      Tmut           #.......     50%         2    ###....
c - Blade Hands           Tmut           #.........   100%        5    ######.

Your spell library contained the following spells:

 Spells                   Type           Power        Failure   Level  Hunger
 Spider Form              Tmut/Pois      #.........   88%         3    ####...
 Ice Form                 Ice/Tmut       #.......     99%         4    #####..


Dungeon Overview and Level Annotations

Branches:
Dungeon (4/15)
 Temple: D:4-7

Altars:
Fedhas
Makhleb


Innate Abilities, Weirdness & Mutations

You have extremely sharp teeth.
Your natural rate of healing is unusually fast.
When hurt, damage is shared between your health and your magic reserves.
Your bite disrupts and absorbs the magic of your enemies.
Potions cannot restore your health.
You are immune to rotting.


Message History

You hit the mummy. You bite the mummy. You drain its power.
The mummy is heavily damaged.
The mummy barely misses you. The mummy hits you. The mummy hits you!
You hit the mummy.
The mummy is severely damaged.
The mummy barely misses you.
You hit the mummy. You bite the mummy, but do no damage.
The mummy is almost destroyed.
The mummy hits you! x2
* * * LOW HITPOINT WARNING * * *
The mummy barely misses you.
Your scale mail prevents you from hitting the mummy.
Your bite misses the mummy.
The mummy is almost destroyed.
Your scale mail prevents you from hitting the mummy.
Your bite misses the mummy.
The mummy is almost destroyed.
The mummy barely misses you. The mummy hits you!
You die...

#....#
#...(#
#(..(#
#....#
#..((#
#....#
#...M#
#..MM#
#.∩M@#
######


You could see 4 mummies.

Vanquished Creatures
  A hound (D:3)
  An orc wizard (D:3)
  Jessica (D:2)
  3 gnolls (D:3)
  3 adders
  An ooze (D:2)
  3 worms
  4 dart slugs
  3 leopard geckos
  7 orcs
  3 giant cockroaches
  A gnoll zombie (Ossuary)
  8 goblins
  8 hobgoblins
  6 jackals
  9 kobolds
  A quokka (D:3)
  9 bats
  2 frilled lizards
  3 hobgoblin zombies (Ossuary)
  2 kobold zombies (Ossuary)
  An orc zombie (Ossuary)
  9 rats
89 creatures vanquished.

Notes
Turn   | Place    | Note
-------+----------+-------------------------------------------
     0 | D:1      | zishaf the Vine Stalker Transmuter began the quest for the Orb.
     0 | D:1      | Reached XP level 1. HP: 9/9 MP: 4/4
    27 | D:1      | Reached skill level 1 in Fighting
   215 | D:1      | Reached XP level 2. HP: 12/14 MP: 4/6
   219 | D:1      | Learned a level 2 spell: Sticks to Snakes
   520 | D:1      | Reached XP level 3. HP: 9/18 MP: 4/7
  1894 | D:2      | Gained mutation: Your natural rate of healing is unusually fast. [Vine Stalker growth]
  1894 | D:2      | Reached XP level 4. HP: 23/23 MP: 8/8
  2400 | D:2      | Noticed Jessica
  2409 | D:2      | Killed Jessica
  2409 | D:2      | Reached skill level 1 in Throwing
  2955 | D:3      | Reached XP level 5. HP: 26/26 MP: 9/9
  3029 | D:3      | Found a burning altar of Makhleb.
  3113 | D:3      | Learned a level 5 spell: Blade Hands
  3449 | D:3      | Reached skill level 4 in Unarmed Combat
  3842 | D:3      | Found a blossoming altar of Fedhas.
  4101 | D:3      | Reached XP level 6. HP: 32/32 MP: 10/10
  4117 | D:4      | Found a sand-covered staircase.
  4122 | Ossuary  | Entered an ossuary
  4180 | Ossuary  | Mangled by a mummy

Vault maps used:
D:1:      roderic_octagonal_star, minmay_distorted
D:2:      uniq_jessica
D:3:      fedhas_altar_fruit_tree, nicolae_overflow_hidden_temple
D:4:      nicolae_overflow_quartered_altars, enter_ossuary_5,
          gammafunk_ghost_icy
Ossuary:  ossuary_tomb_3

Skill      XL: |  1  2  3  4  5 |
---------------+----------------+-----
Fighting       | 1 2 |  2.5
Dodging        | 2 |  2.9
Throwing       | 1 2 |  2.1
Unarmed Combat | 4 |  4.1
Spellcasting   | |  2.1
Transmutations | |  2.6

Action                   |  1- 3 |  4- 6 || total
-------------------------+-------+-------++-------
Melee: Unarmed           |   117 |   233 ||   350
       Bite              |    20 |    60 ||    80
Throw: Stone             |    23 |   112 ||   135
       Tomahawk          |       |     2 ||     2
  Eat: Chunk             |     3 |     7 ||    10
Armor: Scale mail        |    56 |    82 ||   138
Dodge: Dodged            |    50 |   131 ||   181

Table legend:
 A = Spawn XP
 B = Non-spawn XP
 C = Spawn XP percentage of total XP
 D = Spawn monster count
 E = Non-spawn monster count
 F = Spawn count percentage of total count
 G = Total turns spent on level
                    A         B        C        D         E        F      G
               +---------+---------+-------+---------+---------+-------+---------
         Total |       0 |     363 |   0.0 |       0 |      89 |   0.0 |  4180
               +---------+---------+-------+---------+---------+-------+---------
           D:1 |       0 |      50 |   0.0 |       0 |      28 |   0.0 |  1179
           D:2 |       0 |      89 |   0.0 |       0 |      19 |   0.0 |  1496
           D:3 |       0 |     214 |   0.0 |       0 |      34 |   0.0 |  1413
           D:4 |       0 |       2 |   0.0 |       0 |       1 |   0.0 |    34
       Ossuary |       0 |       8 |   0.0 |       0 |       7 |   0.0 |    58
               +---------+---------+-------+---------+---------+-------+---------
